[Event "*** Titled Tuesday Blitz"]
[Site "Chess.com"]
[Date "2021.02.16"]
[Round "5"]
[White "KetiGrant"]
[Black "SirStrateg"]
[Result "1-0"]
[WhiteElo "2395"]
[BlackElo "2526"]
[TimeControl "180+1"]
[EndTime "10:55:22 PST"]
[Termination "KetiGrant won by resignation"]

1. e4 e6 2. d4 d5 3. Nc3 Bb4 4. e5 b6 5. Qg4 Bf8 6. Bb5+ c6 7. Ba4 a5 8. a3 b5 9. Bb3 Ba6 10. Nce2 c5 11. c3 Nc6 12. Nh3 h5 13. Qf3 Qb6 14.
Be3 cxd4 15. cxd4 b4 16. O-O Bxe2 17. Qxe2 a4 18. axb4 Qxb4 19. Bc2 Nge7 20. Ng5 g6 21. Rfc1 Bh6 22. Qf3 Bxg5 23. Bxg5 Nf5 24. Bxf5 gxf5 25.
Rxc6 Qxb2 26. Qc3 1-0

[Event "*** Titled Tuesday Blitz"]
[Site "Chess.com"]
[Date "2021.02.16"]
[Round "5"]
[White "Sibelephant"]
[Black "markowskitomasz"]
[Result "1-0"]
[WhiteElo "3014"]
[BlackElo "2600"]
[TimeControl "180+1"]
[EndTime "10:55:23 PST"]
[Termination "Sibelephant won by resignation"]

1. e4 c5 2. Nf3 Nc6 3. Bb5 e6 4. O-O Nge7 5. Re1 Nd4 6. Bf1 Nec6 7. c3 Nxf3+ 8. Qxf3 Be7 9. d3 O-O 10. Nd2 d5 11. Qg3 b5 12. Nf3 Kh8 13. Bf4 a5 14. h4 b4 15. Rad1 a4 16. d4 a3 17. exd5 exd5 18.
Bb5 Bb7 19. Bc7 Qc8 20. Bxc6 Bxc6 21. Rxe7 axb2 22. Be5 Rg8 23. Rxf7 1-0

[Event "*** Titled Tuesday Blitz"]
[Site "Chess.com"]
[Date "2021.02.16"]
[Round "5"]
[White "ChessSwole"]
[Black "A-S-00"]
[Result "0-1"]
[WhiteElo "2527"]
[BlackElo "2307"]
[TimeControl "180+1"]
[EndTime "10:55:24 PST"]
[Termination "A-S-00 won by resignation"]

1. e4 c5 2. Nf3 Nc6 3. d4 cxd4 4. Nxd4 Nf6 5. Nc3 e6 6. Ndb5 Bb4 7. a3 Bxc3+ 8. Nxc3 d5 9. exd5 exd5 10. Bd3 O-O 11. O-O Bg4 12. Be2 Bxe2 13. Nxe2 Re8 14. Bg5 h6 15. Bh4 g5 16. Bg3 Qb6 17. b3 Rad8 18. Qd3 Ne4 19. Rad1 f5 20. h4 f4 21. Bh2 Ne5 22.
Qxd5+ Rxd5 23. Rxd5 Nxf2 24. Rxf2 Ng4 25. Nd4 Nf6 0-1

[Event "*** Titled Tuesday Blitz"]
[Site "Chess.com"]
[Date "2021.02.16"]
[Round "5"]
[White "francyIM"]
[Black "barriochess"]
[Result "1-0"]
[WhiteElo "2689"]
[BlackElo "2452"]
[TimeControl "180+1"]
[EndTime "10:55:26 PST"]
[Termination "francyIM won by resignation"]

1. d4 Nf6 2. Nc3 g6 3. Bg5 Bg7 4. Qd2 h6 5. Bxf6 Bxf6 6. h4 h5 7. Nf3 d6 8. e4 c6 9. Bc4 e6 10.
O-O-O d5 11. Bd3 dxe4 12. Nxe4 Bg7 13. Kb1 Qc7 14. Qg5 Nd7 15. c3 b6 16. Bc2 Bb7 17. Ne5 O-O 18. Nxd7 Qxd7 19. g4 Qd5 20. gxh5 Qxg5 21.
hxg5 gxh5 22. Nf6+ Bxf6 23. gxf6 1-0

[Event "*** Titled Tuesday Blitz"]
[Site "Chess.com"]
[Date "2021.02.16"]
[Round "5"]
[White "Squirlolz"]
[Black "ChelsieMonica"]
[Result "0-1"]
[WhiteElo "2466"]
[BlackElo "2339"]
[TimeControl "180+1"]
[EndTime "10:55:31 PST"]
[Termination "ChelsieMonica won by resignation"]

1. b3 Nf6 2. Bb2 g6 3. Bxf6 exf6 4. c4 Bg7 5. Nc3 O-O 6. g3 f5 7.
Bg2 Nc6 8. e3 Re8 9. Nge2 d6 10. O-O Bd7 11. Rc1 a6 12. Nf4 Rb8 13. Qe2 Nd4 14. Qd1 Ne6 15. Nfd5 c6 16. Nf4 Nxf4 17.
gxf4 b5 18. d3 b4 19. Ne2 Qa5 20. Qc2 Rbc8 21. d4 c5 22. Rfd1 Bc6 23. dxc5 Bxg2 24. cxd6 Be4 25. d7 Bxc2 26. Rxc2 Red8 27. dxc8=Q Rxc8 28. Rd5 Qxd5 0-1

[Event "*** Titled Tuesday Blitz"]
[Site "Chess.com"]
[Date "2021.02.16"]
[Round "5"]
[White "PlotnikovPavel"]
[Black "nonsopolo1"]
[Result "1-0"]
[WhiteElo "2478"]
[BlackElo "2275"]
[TimeControl "180+1"]
[EndTime "10:55:31 PST"]
[Termination "PlotnikovPavel won on time"]

1. e4 c5 2. Nc3 Nc6 3. Bb5 g6 4. Bxc6 dxc6 5. f4 Bg7 6. Nf3 Bg4 7. O-O Nf6 8. d3 O-O 9. h3 Bxf3 10. Qxf3 Ne8 11.
Be3 b6 12. f5 Nf6 13. Rae1 Nd7 14. Qg3 a5 15. a4 Rb8 16. Bf4 Rb7 17. e5 Qe8 18. h4 f6 19. e6 Ne5 20. h5 Kh8 21. hxg6 hxg6 22. Bxe5 fxe5 23. fxg6 Bh6 24. Rf7 Rxf7 25.
gxf7 1-0

[Event "*** Titled Tuesday Blitz"]
[Site "Chess.com"]
[Date "2021.02.16"]
[Round "5"]
[White "Chernov_Alexander_A"]
[Black "csati17"]
[Result "0-1"]
[WhiteElo "2292"]
[BlackElo "2577"]
[TimeControl "180+1"]
[EndTime "10:55:34 PST"]
[Termination "csati17 won by resignation"]

1. e4 e6 2. d4 d5 3. Nd2 Nf6 4.
e5 Nfd7 5. Bd3 c5 6. c3 Nc6 7.
Ne2 cxd4 8. cxd4 f6 9. exf6 Nxf6 10. Nf3 Bd6 11. O-O O-O 12. Bg5 Qc7 13. Rc1 a6 14. Nc3 Bd7 15. a3 Be8 16. Qe2 Bh5 17. Qxe6+ Kh8 18. Qh3 Qf7 19. Bxf6 gxf6 20. g4 Rg8 21. Bf5 Ne7 22. Kh1 Nxf5 23. gxf5 Bg4 24. Qg2 Qh5 25. Nd2 Bxf5 0-1

[Event "*** Titled Tuesday Blitz"]
[Site "Chess.com"]
[Date "2021.02.16"]
[Round "5"]
[White "Gabrielian_Artur"]
[Black "WeAintSurePal"]
[Result "1-0"]
[WhiteElo "2799"]
[BlackElo "2452"]
[TimeControl "180+1"]
[EndTime "10:55:40 PST"]
[Termination "Gabrielian_Artur won by resignation"]

1. c4 e5 2. Nc3 Nc6 3. g3 h5 4.
Nf3 h4 5. Nxh4 Bc5 6. e3 d6 7.
Bg2 a6 8. a3 Ba7 9. d3 Nge7 10.
b4 Rxh4 11. gxh4 Ng6 12. Qh5 Be6 13. Be4 Kd7 14. Rg1 Nce7 15. Bxb7 Rb8 16. Be4 f5 17. Bd5 Nxd5 18. cxd5 Bf7 19. Qxf5+ Ke8 20. Rxg6 Bxg6 21. Qxg6+ Kf8 22. Qf5+ Kg8 23. Qg5 Qd7 24.
Bd2 Rf8 25. Ke2 Rf5 26. Qg3 Qf7 27. Rg1 Bb6 28. Ne4 Qh5+ 29. Qg4 Qf7 30. h5 1-0

[Event "*** Titled Tuesday Blitz"]
[Site "Chess.com"]
[Date "2021.02.16"]
[Round "5"]
[White "tylityli"]
[Black "onetowin"]
[Result "1-0"]
[WhiteElo "2221"]
[BlackElo "2003"]
[TimeControl "180+1"]
[EndTime "10:55:51 PST"]
[Termination "tylityli won by resignation"]

1. d4 Nf6 2. c4 e6 3. Nc3 Bb4 4. e3 O-O 5. Ne2 c6 6. a3 Ba5 7. b4 Bc7 8. f4 d5 9. c5 a5 10.
Bd2 Nfd7 11. Ng3 f6 12. Bd3 e5 13. Bf5 g6 14. Be6+ Kg7 15. f5 g5 16. O-O Qe8 17.
Qg4 Kh8 18. h4 gxh4 19. Qxh4 Qe7 20. Nh5 b6 21. b5 Re8 22. bxc6 Nxc6 23. Nxd5 Qf8 1-0

[Event "*** Titled Tuesday Blitz"]
[Site "Chess.com"]
[Date "2021.02.16"]
[Round "5"]
[White "remi04"]
[Black "dosto07"]
[Result "0-1"]
[WhiteElo "2605"]
[BlackElo "2436"]
[TimeControl "180+1"]
[EndTime "10:55:52 PST"]
[Termination "dosto07 won by resignation"]

1. e4 e5 2. Bc4 Nc6 3. d3 Bc5 4. Nf3 Nf6 5. O-O d6 6. c3 a6 7. d4 exd4 8. cxd4 Ba7 9. Nc3 O-O 10. Bg5 h6 11. Bh4 Bg4 12. Ne2 g5 13. Bg3 Nxe4 14. d5 Ne7 15. h3 Bh5 16. Bh2 Bxf3 17. gxf3 Nf6 18. Rc1 Nf5 19. Bd3 Nh4 20. Ng3 Qd7 0-1

[Event "*** Titled Tuesday Blitz"]
[Site "Chess.com"]
[Date "2021.02.16"]
[Round "5"]
[White "elindisguise"]
[Black "j2806"]
[Result "1-0"]
[WhiteElo "2465"]
[BlackElo "2126"]
[TimeControl "180+1"]
[EndTime "10:55:52 PST"]
[Termination "elindisguise won by resignation"]

1. d4 Nf6 2. Bf4 e6 3. e3 d5 4. Nd2 a6 5. Ngf3 c5 6. c3 Nc6 7.
Bd3 Be7 8. Ne5 O-O 9. O-O Bd6 10.
Bg3 Qc7 11. f4 cxd4 12. exd4 b5 13. a3 Bb7 14. Qe2 Ne7 15. Rae1 Rae8 16. Bh4 Ne4 17. Nxe4 dxe4 18. Bxe4 Bxe4 19. Qxe4 Nf5 20. Bg3 f6 21. Nd3 Nxg3 22. hxg3 Qb6 23. Kh1 a5 24. Re2 Rf7 25. Rfe1 Rfe7 26. b4 axb4 27. axb4 Rc8 28. Nc5 Bxc5 29.
dxc5 Qc6 30. Qxc6 Rxc6 31. Rd2 Kf7 32. Rd8 e5 33. f5 e4 34. Rb8 e3 35. Rxb5 Rcc7 36.
Rb6 Rcd7 37. Re6 Rxe6 38. fxe6+ Kxe6 39. Rxe3+ Kd5 40. Rd3+ 1-0

[Event "*** Titled Tuesday Blitz"]
[Site "Chess.com"]
[Date "2021.02.16"]
[Round "5"]
[White "Rodalquilar"]
[Black "Dave_ChessMate"]
[Result "1-0"]
[WhiteElo "2665"]
[BlackElo "2438"]
[TimeControl "180+1"]
[EndTime "10:55:53 PST"]
[Termination "Rodalquilar won by resignation"]

1. d4 Nf6 2. Nf3 g6 3. Bf4 Bg7 4. e3 O-O 5. Be2 d5 6. O-O c5 7. c3 Nc6 8. h3 Nd7 9. Nbd2 b6 10. Qb3 Bb7 11. Rfd1 e6 12. Bd6 Na5 13. Qa3 Re8 14.
b4 cxb4 15. cxb4 Nc6 16. Rac1 Nf6 17. b5 Na5 18. Ne5 Rc8 19. Rxc8 Qxc8 20. Rc1 Qb8 21.
Bxb8 Bf8 22. Bd6 1-0

[Event "*** Titled Tuesday Blitz"]
[Site "Chess.com"]
[Date "2021.02.16"]
[Round "5"]
[White "Oleksandr_Bortnyk"]
[Black "lilleper1"]
[Result "1-0"]
[WhiteElo "2942"]
[BlackElo "2838"]
[TimeControl "180+1"]
[EndTime "10:55:54 PST"]
[Termination "Oleksandr_Bortnyk won by checkmate"]

1. e4 c5 2. Nf3 e6 3. c3 Nf6 4.
e5 Nd5 5. d4 cxd4 6. cxd4 d6 7.
Bc4 Nc6 8. O-O Be7 9. Qe2 O-O 10. Rd1 Na5 11. Bd3 Nb4 12. Nc3 Nxd3 13. Rxd3 d5 14. Ne1 b6 15. Rh3 g6 16. Bh6 Re8 17. Qg4 f5 18.
Qf4 Nc6 19. Nf3 Ba6 20. Bg5 Rc8 21. Qh4 h5 22. Rg3 Kf7 23. Bxe7 Rxe7 24. Qf6+ Ke8 25. Rxg6 Kd7 26. Nxd5 exd5 27. Qd6+ Ke8 28. Rg8+ Kf7 29. Qg6# 1-0

[Event "*** Titled Tuesday Blitz"]
[Site "Chess.com"]
[Date "2021.02.16"]
[Round "5"]
[White "IMRosen"]
[Black "12teen"]
[Result "0-1"]
[WhiteElo "2623"]
[BlackElo "2870"]
[TimeControl "180+1"]
[EndTime "10:55:55 PST"]
[Termination "12teen won by resignation"]

1. d4 e6 2. Bf4 b6 3. Nf3 Bb7 4. c4 Nf6 5. e3 d5 6. Nc3 dxc4 7.
Bxc4 a6 8. O-O b5 9. Bd3 Nbd7 10. Qe2 c5 11. Rad1 c4 12. Bb1 Rc8 13. h3 b4 14. Na4 Qa5 15. b3 c3 16. Bd3 Be7 17. e4 O-O 18. Bg5 h6 19. Bh4 Rfe8 20. Bg3 Bc6 21. Bxa6 Ra8 22. Bc4 Nxe4 23. Ne5 Nxg3 24.
fxg3 Nxe5 25. dxe5 Bxa4 26. bxa4 Qxa4 27. Rf4 Bg5 28. Bb3 Qa7+ 29. Rf2 Be3 30. Rf1 Bxf2+ 31.
Rxf2 Red8 32. Qe4 Rd2 33. Kh2 Rxf2 34. Bc2 Rxc2 0-1

[Event "*** Titled Tuesday Blitz"]
[Site "Chess.com"]
[Date "2021.02.16"]
[Round "5"]
[White "kuban1991"]
[Black "attack2mateU"]
[Result "1-0"]
[WhiteElo "2886"]
[BlackElo "2711"]
[TimeControl "180+1"]
[EndTime "10:56:00 PST"]
[Termination "kuban1991 won by resignation"]

1. Nf3 c5 2. g3 Nc6 3. Bg2 e5 4.
O-O e4 5. Ne1 d5 6. c4 d4 7. d3 exd3 8. Nxd3 Nf6 9. e4 Be7 10.
Nd2 h5 11. h3 g5 12. Nb3 g4 13.
h4 Be6 14. Nbxc5 Bxc4 15. e5 Nxe5 16. Nxe5 Bxf1 17. Qxf1 Qc7 18. Qb5+ Kf8 19. Ncd3 1-0

[Event "*** Titled Tuesday Blitz"]
[Site "Chess.com"]
[Date "2021.02.16"]
[Round "5"]
[White "kingofthenil"]
[Black "lamomiablanca"]
[Result "1-0"]
[WhiteElo "2678"]
[BlackElo "2311"]
[TimeControl "180+1"]
[EndTime "10:56:00 PST"]
[Termination "kingofthenil won by resignation"]

1. e4 c5 2. d3 Nc6 3. g3 g6 4. Bg2 Bg7 5. f4 d6 6. Nf3 e6 7. O-O Nge7 8. c3 e5 9. Na3 O-O 10. Nc4 exf4 11. Bxf4 d5 12. exd5 Nxd5 13. Bd6 Re8 14.
Bxc5 b6 15. Bf2 Ba6 16. Qa4 Bb7 17. d4 Qd7 18. Rae1 a6 19. Qb3 b5 20. Nce5 Nxe5 21.
Nxe5 Bxe5 22. dxe5 Qe6 23. Bd4 Rad8 24. a4 Bc6 25.
axb5 axb5 26. Ra1 Qd7 27. Ra7 Nc7 28. Bxc6 Qxc6 29. Qxf7+ Kh8 30. Rxc7 1-0

[Event "*** Titled Tuesday Blitz"]
[Site "Chess.com"]
[Date "2021.02.16"]
[Round "5"]
[White "BahadirOzen"]
[Black "IMAghasiyevKamal"]
[Result "1-0"]
[WhiteElo "2753"]
[BlackElo "2525"]
[TimeControl "180+1"]
[EndTime "10:56:02 PST"]
[Termination "BahadirOzen won by resignation"]

1. g3 Nf6 2. Bg2 d5 3. Nf3 e6 4. O-O Be7 5. b3 O-O 6. Bb2 b6 7. c4 Bb7 8. e3 dxc4 9. bxc4 c5 10. d3 Nc6 11. Qe2 Qc7 12. Nc3 Rad8 13. Rad1 Qc8 14. Ne1 Rfe8 15. f4 Nb4 16. a3 Bxg2 17. Nxg2 Nc6 18. g4 a6 19. g5 Nd7 20. Ne4 b5 21. Qh5 bxc4 22. Rf3 Qb7 23. Bxg7 Kxg7 24. Qh6+ Kg8 25.
Rh3 Qb2 26. Qxh7+ Kf8 27. d4 1-0

[Event "*** Titled Tuesday Blitz"]
[Site "Chess.com"]
[Date "2021.02.16"]
[Round "5"]
[White "Andrakhanova"]
[Black "geordie_derraugh"]
[Result "1-0"]
[WhiteElo "2281"]
[BlackElo "2460"]
[TimeControl "180+1"]
[EndTime "10:56:03 PST"]
[Termination "Andrakhanova won by resignation"]

1. c4 e5 2. Nc3 Nc6 3. g3 f5 4. Bg2 Nf6 5. b3 Bc5 6. Bb2 d6 7. e3 O-O 8. Nge2 a5 9. d4 Bb6 10. Nd5 Nxd5 11. cxd5 Nb4 12. dxe5 dxe5 13. a3 Na6 14.
Bxe5 Nc5 15. O-O a4 16. b4 Nb3 17. Ra2 Qe8 18. Bc3 Qb5 19. Nd4 Nxd4 20. Bxd4 Ra6 21. Rc2 Rd8 22. Bxb6 Qxb6 23. Qd3 c6 24. Qc4 cxd5 25.
Bxd5+ Kf8 26. Rd1 Be6 27. Rcd2 Rc8 28. Qf4 g6 29. Bxe6 Qxe6 30. Qh6+ Kg8 31. Rd7 1-0

[Event "*** Titled Tuesday Blitz"]
[Site "Chess.com"]
[Date "2021.02.16"]
[Round "5"]
[White "DJojua"]
[Black "Problematique_99"]
[Result "1-0"]
[WhiteElo "2760"]
[BlackElo "2444"]
[TimeControl "180+1"]
[EndTime "10:56:04 PST"]
[Termination "DJojua won by resignation"]

1. d4 Nf6 2. Nf3 e6 3. Bf4 c5 4. Nc3 cxd4 5. Nxd4 a6 6. e4 Bb4 7. Bd3 d6 8. Bd2 O-O 9. Qe2 Nbd7 10. a3 Bc5 11. Nb3 Ba7 12. f4 Qc7 13. g4 Nc5 14. Nxc5 Bxc5 15. g5 Nd7 16. h4 b5 17. h5 Bb7 18. g6 h6 19. gxf7+ Rxf7 20. O-O-O Kh8 21. Qg4 Nf8 22. Rh3 Qe7 23. Rg3 b4 24.
axb4 Bxb4 25. f5 exf5 26. exf5 Qf6 27. Qxb4 1-0

[Event "*** Titled Tuesday Blitz"]
[Site "Chess.com"]
[Date "2021.02.16"]
[Round "5"]
[White "zeitnot2006"]
[Black "Lady_Nika"]
[Result "0-1"]
[WhiteElo "2523"]
[BlackElo "2395"]
[TimeControl "180+1"]
[EndTime "10:56:05 PST"]
[Termination "Lady_Nika won by resignation"]

1. d4 d5 2. Bf4 e6 3. Nf3 Bd6 4.
Bxd6 Qxd6 5. e3 Qb4+ 6. Nbd2 Qxb2 7. Bd3 Nf6 8. O-O O-O 9. c4 Qa3 10. Nb3 dxc4 11. Bxc4 c6 12. Ne5 Qe7 13. f4 Nbd7 14. Bd3 Nxe5 15. fxe5 Nd5 16. Rf3 f5 17. exf6 Rxf6 18.
Nc5 b6 19. Ne4 Rxf3 20. Qxf3 Bd7 21. Qh5 g6 22. Qe5 Rf8 23. Ng5 Qg7 24. Qg3 c5 25.
Nf3 Nxe3 26. Re1 cxd4 27. Qd6 Qf7 28. Qxd4 Nxg2 29. Ng5 Nxe1 30. Nxf7 Nf3+ 31. Kg2 Nxd4 32. Ne5 Bc8 33. Bc4 Nf5 0-1

[Event "*** Titled Tuesday Blitz"]
[Site "Chess.com"]
[Date "2021.02.16"]
[Round "5"]
[White "LEGENYA1998"]
[Black "VALPARAISO37"]
[Result "1-0"]
[WhiteElo "2293"]
[BlackElo "2473"]
[TimeControl "180+1"]
[EndTime "10:56:05 PST"]
[Termination "LEGENYA1998 won by checkmate"]

1. e4 e5 2. Nf3 Nc6 3. Bc4 Bc5 4. d3 Nf6 5. Bg5 h6 6. Bh4 d6 7. Nc3 Bg4 8. h3 Bxf3 9. Qxf3 Nd4 10. Qd1 g5 11.
Bg3 a6 12. Ne2 b5 13. Nxd4 Bxd4 14. c3 Bb6 15. Bb3 Qe7 16. a4 Rb8 17. axb5 axb5 18.
h4 Rg8 19. hxg5 hxg5 20. Rh6 Rg7 21. Qf3 Ng8 22. Rh8 Kd7 23. Qf5+ Qe6 24. Bxe6+ fxe6 25.
Qf3 g4 26. Qe2 b4 27. cxb4 Bd4 28. Rh4 Nf6 29. Rh6 Ng8 30. Rh8 Rxb4 31. Rb1 Bc3+ 32. Kf1 Bd4 33. f3 Nf6 34. Rh6 gxf3 35. Qxf3 Ng4 36.
Rh8 Bxb2 37. Qf8 Ne3+ 38. Kf2 Ng4+ 39. Kf3 Re7 40. Kxg4 Re8 41. Qxe8# 1-0

[Event "*** Titled Tuesday Blitz"]
[Site "Chess.com"]
[Date "2021.02.16"]
[Round "5"]
[White "bakki78"]
[Black "L1m96"]
[Result "1-0"]
[WhiteElo "2720"]
[BlackElo "2539"]
[TimeControl "180+1"]
[EndTime "10:56:10 PST"]
[Termination "bakki78 won by resignation"]

1. e4 e5 2. Nf3 Nc6 3. Bb5 a6 4.
Ba4 Nf6 5. Nc3 d6 6. Bxc6+ bxc6 7. d4 exd4 8. Nxd4 c5 9. Nc6 Qd7 10. Na5 Be7 11. O-O Rb8 12. b3 O-O 13. h3 Re8 14. Bf4 Bf8 15. Re1 Rb4 16. Qf3 Re6 17. a3 Rb8 18.
Rad1 Qe8 19. Re2 Bd7 20. Rde1 Bb5 21. Re3 Nd7 22. Nd5 Qd8 23. c4 c6 24. cxb5 cxd5 25.
Nc6 dxe4 26. Rxe4 Rxe4 27. Qxe4 Qc8 28. Nxb8 Nxb8 29. Qe8 Qc7 30. Rd1 1-0

[Event "*** Titled Tuesday Blitz"]
[Site "Chess.com"]
[Date "2021.02.16"]
[Round "5"]
[White "beautroll"]
[Black "andrewtnb"]
[Result "1-0"]
[WhiteElo "2481"]
[BlackElo "2307"]
[TimeControl "180+1"]
[EndTime "10:56:12 PST"]
[Termination "beautroll won by resignation"]

1. e4 c6 2. d4 d5 3. Nc3 dxe4 4. Nxe4 Nf6 5. Nxf6+ gxf6 6. Qd3 Qa5+ 7. c3 Bf5 8. Qg3 Nd7 9. Bd3 Bg6 10. Ne2 e6 11. h4 Rd8 12. Bd2 c5 13. h5 Bxd3 14. Qxd3 Ne5 15. Qe4 Nc4 16. Be3 Nxb2 17. Qxb7 cxd4 18.
Bxd4 Nd3+ 19. Kf1 Bc5 20. Qc6+ Ke7 21. Rh3 Bxd4 22. Nxd4 Qxc3 23. Qxc3 1-0

[Event "*** Titled Tuesday Blitz"]
[Site "Chess.com"]
[Date "2021.02.16"]
[Round "5"]
[White "GadimbayliA"]
[Black "Zenzo"]
[Result "1-0"]
[WhiteElo "2842"]
[BlackElo "2612"]
[TimeControl "180+1"]
[EndTime "10:56:15 PST"]
[Termination "GadimbayliA won by resignation"]

1. e4 e5 2. Nf3 Nc6 3. Nc3 Nf6 4.
d4 exd4 5. Nxd4 Bb4 6. Nxc6 bxc6 7. Bd3 d5 8. exd5 cxd5 9. O-O O-O 10. Bg5 c6 11.
Qf3 Bxc3 12. bxc3 Rb8 13. Rae1 Be6 14. Qg3 Re8 15. Re3 Rb6 16. Rf3 Kf8 17. Qh4 Ke7 18. Rxf6 gxf6 19. Bxf6+ Kd7 20. Bxd8 Rxd8 21. f4 Kc7 22. f5 Bd7 23. Qxh7 c5 24. Qxf7 c4 25. Be2 Rd6 26. Bf3 Kc6 27. Rd1 Bc8 28. Qxa7 R6d7 29. Qa4+ Kc5 30. Qb4+ Kc6 31. Qxc4+ Kd6 32. Rxd5+ Ke7 33.
Rxd7+ Bxd7 34. Qh4+ Ke8 35. Bh5+ Kf8 36. Qf6+ Kg8 37.
Bf7+ Kh7 38. Bg6+ Kg8 39. Qf7+ 1-0

[Event "*** Titled Tuesday Blitz"]
[Site "Chess.com"]
[Date "2021.02.16"]
[Round "5"]
[White "esapunov"]
[Black "VladimirBugayev"]
[Result "1-0"]
[WhiteElo "2681"]
[BlackElo "2317"]
[TimeControl "180+1"]
[EndTime "10:56:15 PST"]
[Termination "esapunov won on time"]

1. c4 c5 2. Nf3 g6 3. d4 cxd4 4. Nxd4 Nc6 5. Nc2 Bg7 6. e4 Nf6 7. Nc3 d6 8. Be2 O-O 9. O-O a5 10. Be3 a4 11. Qd2 Qa5 12. f3 Be6 13. Na3 Ne5 14. Rac1 Rfc8 15. Nd5 Bxd5 16. cxd5 Qxd2 17. Bxd2 Ned7 18. Bb5 Nc5 19. Rc2 Nfd7 20. Rfc1 Nb6 21. Be3 Kf8 22. Kf1 h5 23. Ke2 h4 24. g4 h3 25. g5 Be5 26. f4 Bg7 27. Kf3 1-0

[Event "*** Titled Tuesday Blitz"]
[Site "Chess.com"]
[Date "2021.02.16"]
[Round "5"]
[White "SanQui14"]
[Black "DonPreuss"]
[Result "1-0"]
[WhiteElo "2439"]
[BlackElo "2258"]
[TimeControl "180+1"]
[EndTime "10:56:16 PST"]
[Termination "SanQui14 won by resignation"]

1. d4 Nc6 2. d5 Ne5 3. e4 Ng6 4. Nc3 e5 5. Nf3 Bc5 6. h4 h5 7. Be2 a6 8. Ng5 Nf6 9. Be3 Bxe3 10. fxe3 d6 11. Qd2 Bg4 12. O-O-O Qd7 13. Rdf1 O-O-O 14. Bxg4 hxg4 15. g3 Rdf8 16. Rf5 Nh5 17. Qf2 f6 18.
Ne6 Rf7 19. Qg2 Ne7 20. Rf2 g6 21. Rg1 Ng7 22. Nxg7 Rxg7 23. Rxf6 g5 24. hxg5 Rxg5 25. Rgf1 Kb8 26. Rf7 Rgh5 27. Qf2 Qc8 28. Rxe7 Rh2 29. Qe1 Rg2 30. Rh1 Rf8 31. Nd1 Rf3 32. Reh7 Ka7 33. Qc3 Kb6 34. a4 a5 35. Qc4 Rfxg3 36. Qb5+ Ka7 37. Qxa5+ 1-0

[Event "*** Titled Tuesday Blitz"]
[Site "Chess.com"]
[Date "2021.02.16"]
[Round "5"]
[White "mikolka1985"]
[Black "Twitch_ElhamBlitz05"]
[Result "0-1"]
[WhiteElo "2614"]
[BlackElo "2828"]
[TimeControl "180+1"]
[EndTime "10:56:17 PST"]
[Termination "Twitch_ElhamBlitz05 won by resignation"]

1. d4 Nf6 2. c4 e6 3. Nf3 d5 4.
Nc3 dxc4 5. e4 b5 6. e5 Nd5 7.
Nxb5 Nb6 8. Be2 Be7 9. O-O O-O 10. Qd2 Nc6 11. Qf4 Rb8 12. Qg4 Kh8 13. Nc3 f5 14. Qf4 Nb4 15. h4 h6 16. h5 N4d5 17. Qg3 Nxc3 18.
bxc3 Nd5 19. Bxc4 Nxc3 20. Qg6 Qe8 21. Qxe8 Rxe8 22. Bd2 Ne4 23. Ba5 Bd7 24. Rab1 c5 25. d5 exd5 26. Bxd5 Bb5 27. Rfe1 Bd3 28. Rxb8 Rxb8 29.
Be6 Ng5 30. Nd2 Nxe6 0-1

[Event "*** Titled Tuesday Blitz"]
[Site "Chess.com"]
[Date "2021.02.16"]
[Round "5"]
[White "GM_Crest"]
[Black "Kotofeyca"]
[Result "1-0"]
[WhiteElo "2734"]
[BlackElo "2443"]
[TimeControl "180+1"]
[EndTime "10:56:17 PST"]
[Termination "GM_Crest won by checkmate"]

1. d4 d5 2. c4 c6 3. Nc3 Nf6 4. Nf3 dxc4 5. a4 Bg4 6. Ne5 Bh5 7. Bg5 Nd5 8. Nxc4 Nb4 9. Qb3 a5 10. Rd1 f6 11. Bf4 Nd7 12. f3 Bf7 13. e4 Nb6 14. d5 cxd5 15. Nxb6 Qxb6 16. Bb5+ Kd8 17. Nxd5 Nxd5 18. Rxd5+ Bxd5 19. Qxd5+ Kc8 20. Qd7# 1-0

[Event "*** Titled Tuesday Blitz"]
[Site "Chess.com"]
[Date "2021.02.16"]
[Round "5"]
[White "Salem-AR"]
[Black "Sankalp_Gupta2003"]
[Result "1-0"]
[WhiteElo "2913"]
[BlackElo "2715"]
[TimeControl "180+1"]
[EndTime "10:56:18 PST"]
[Termination "Salem-AR won by resignation"]

1. d4 Nf6 2. c4 e6 3. Nf3 d5 4. Nc3 a6 5. cxd5 exd5 6. Bg5 Be6 7.
Bxf6 Qxf6 8. Qb3 Ra7 9. h4 h6 10. g3 Qd8 11. Bh3 Bxh3 12. Rxh3 c6 13. e4 dxe4 14. Ne5 b5 15. O-O-O Bd6 16. Nxe4 O-O 17. g4 Bxe5 18. dxe5 Rd7 19. Nd6 c5 20. Qd5 Qe7 21. g5 Qe6 22. Rg3 Qxd5 23. Rxd5 hxg5 24. hxg5 Nc6 25.
f4 Nd4 26. Kd2 Nf5 27. Ra3 Nxd6 28. Rxd6 Rxd6+ 29. exd6 Ra8 30. Kd3 Kf8 31. Ke4 Ke8 32. Kd5 Kd7 33. Re3 1-0

[Event "*** Titled Tuesday Blitz"]
[Site "Chess.com"]
[Date "2021.02.16"]
[Round "5"]
[White "MusicCityMaster"]
[Black "vladimirdamjanovic"]
[Result "0-1"]
[WhiteElo "2377"]
[BlackElo "2537"]
[TimeControl "180+1"]
[EndTime "10:56:18 PST"]
[Termination "vladimirdamjanovic won by resignation"]

1. e4 Nc6 2. Nf3 g6 3. d4 Bg7 4. c3 d6 5. Bd3 Nf6 6. h3 O-O 7. Be3 e5 8. O-O Nh5 9. Bc2 Re8 10. d5 Ne7 11. c4 Nf4 12. Re1 b6 13. Nc3 a5 14. Ba4 Rf8 15. Rc1 h6 16. Bxf4 exf4 17. e5 dxe5 18. Nxe5 Bxe5 19. Rxe5 Qd6 20. Qd4 Qf6 21.
Nb5 Bd7 22. Rce1 Bxb5 23. Bxb5 g5 24. Qd3 Ng6 25. Bc6 Nxe5 0-1

[Event "*** Titled Tuesday Blitz"]
[Site "Chess.com"]
[Date "2021.02.16"]
[Round "5"]
[White "Sir_Frankie_Crisp"]
[Black "Grieve72"]
[Result "0-1"]
[WhiteElo "2243"]
[BlackElo "2474"]
[TimeControl "180+1"]
[EndTime "10:56:19 PST"]
[Termination "Grieve72 won by resignation"]

1. e4 c5 2. Nf3 e6 3. d4 cxd4 4.
Nxd4 Nc6 5. Nc3 Qc7 6. Be3 a6 7. Qf3 Nf6 8. O-O-O h5 9. h3 Ne5 10.
Qe2 b5 11. Kb1 b4 12. Na4 Nxe4 13. Bf4 Bb7 14. f3 d5 15. fxe4 dxe4 16. Qe3 Be7 17. Be2 Rc8 18. Rc1 Qa5 19. b3 h4 20. Rhd1 Ng6 21. Bg5 Bxg5 0-1

[Event "*** Titled Tuesday Blitz"]
[Site "Chess.com"]
[Date "2021.02.16"]
[Round "5"]
[White "Krakozia"]
[Black "Hikaru"]
[Result "0-1"]
[WhiteElo "2704"]
[BlackElo "3202"]
[TimeControl "180+1"]
[EndTime "10:56:22 PST"]
[Termination "Hikaru won by resignation"]

1. e4 d5 2. exd5 Qxd5 3. Nc3 Qa5 4. d4 c6 5. Nf3 Bf5 6. Bc4 e6 7. Bd2 Nf6 8. Nd5 Qd8 9. Nxf6+ gxf6 10. Bb3 Nd7 11.
Qe2 Qc7 12. Nh4 Bg6 13. g3 O-O-O 14. O-O-O Nb6 15. Bf4 Bd6 16. Bh6 Rhg8 17. Kb1 Kb8 18. Rhe1 Ka8 19. a4 Rc8 20. Be3 Nd5 21. Bd2 Qb6 22.
Nxg6 hxg6 23. Qf3 Qd8 24. c4 Nc7 25. h4 f5 26. Bg5 Qd7 27. Bf6 Bb4 28. Re3 Ne8 29.
Bg5 Bd6 30. Re2 Nc7 31. Bf6 Rge8 32. h5 gxh5 33. Qxh5 Na6 34. g4 fxg4 35. Qxg4 Rg8 36. Qh3 Rg6 37. Qf3 Nb4 38. d5 cxd5 39. cxd5 Nxd5 40.
Bxd5 exd5 41. Rxd5 Rg1+ 0-1